 Dungeon Crawl Stone Soup version 0.30-a0-845-g7c6808c8ce (webtiles) character file.

Game seed: 7127052003614289753

2971 jimonade the Magician (level 10, -8/69 HPs)
             Began as a Djinni Warper on Mar 3, 2023.
             Was a Believer of Okawaru.
             Killed from afar by an electric eel (9 damage)
             ... with a bolt of electricity
             ... on level 9 of the Dungeon.
             The game lasted 00:25:13 (8748 turns).

jimonade the Magician (Djinni Warper)               Turns: 8748, Time: 00:25:14

Health: -8/69      AC: 10    Str: 13    XL:     10   Next: 8%
Gold:   430        EV: 13    Int: 20    God:    Okawaru [**....] SH:  0 Dex: 14

rFire   + + .      SeeInvis .    b - +2 short sword (protect)
rCold   . . .      Faith    .    (no shield)
rNeg    + + .      Spirit   .    t - +2 leather armour {rN+}
rPois   ∞          Reflect  .    (no helmet)
rElec   .          Rampage  .    f - +2 ratskin cloak {*Rats rPois rN+ Str-1 Int-1 Dex+1}
rCorr   .                        D - +0 pair of gloves
Will    +....                    (boots unavailable)
Stlth   ++                       (no amulet)
HPRegen 0.31/turn                m - ring of protection from cold
MPRegen 0.00/turn                F - +6 ring of intelligence

@: flying
A: sickness immunity, fire resistance 2, cold vulnerability 1, float, innate
caster, HP casting, extra vitality 1
a: Renounce Religion, Heroism


You were on level 9 of the Dungeon.
You worshipped Okawaru.
Okawaru was pleased with you.
You visited 2 branches of the dungeon, and saw 10 of its levels.
You also visited: Sewer.

You collected 430 gold pieces.

Inventory:

Hand Weapons
 a - a +2 dagger of draining
 b - a +2 short sword of protection (weapon)
 l - a +0 morningstar
 o - a +0 short sword
 u - a +2 dagger of protection
Missiles
 d - 7 boomerangs of dispersal
 p - 9 boomerangs
 r - 11 poisoned darts
 v - 2 curare-tipped darts
 K - 3 datura-tipped darts
 Q - 3 silver boomerangs
Armour
 f - the +2 ratskin cloak (worn) {*Rats rPois rN+ Str-1 Int-1 Dex+1}
   (You found it on level 6 of the Dungeon)

   *Rats:     When the wearer is hurt, rats may emerge from it to assist them.
   Str:       It affects your strength (-1).
   Int:       It affects your intelligence (-1).
   Dex:       It affects your dexterity (+1).
   rPois:     It protects you from poison.
   rN:        It protects you from negative energy.
 g - a +0 cloak
 s - a +0 buckler
 t - a +2 leather armour of positive energy (worn)
 C - a +2 leather armour of fire resistance
 D - a +0 pair of gloves (worn)
 H - a +0 chain mail
Jewellery
 m - a ring of protection from cold (left hand)
 F - a +6 ring of intelligence (right hand)
Wands
 E - a wand of paralysis (10)
Scrolls
 c - 2 scrolls of blinking
 e - a scroll of brand weapon {unknown}
 h - a scroll of vulnerability
 i - 3 scrolls of fog
 k - 3 scrolls of teleportation
 y - 2 scrolls of magic mapping
 L - 3 scrolls of identify
 M - a scroll of fear {unknown}
 O - a scroll of torment {unknown}
Potions
 j - 2 potions of brilliance {unknown}
 n - a potion of haste
 q - 3 potions of attraction
 w - 2 potions of cancellation {unknown}
 x - 3 potions of heal wounds
 z - 3 potions of might
 A - a potion of mutation {unknown}
 B - a potion of resistance {unknown}
 G - a potion of magic {unknown}
 I - 2 potions of curing {unknown}
 J - a potion of berserk rage {unknown}
 N - a potion of lignification {unknown}
 P - a potion of invisibility {unknown}


   Skills:
 + Level 4.5 Fighting
 + Level 5.3 Short Blades
 + Level 0.7 Throwing
 + Level 5.1 Armour
 + Level 5.0 Dodging
 + Level 1.6 Stealth
 * Level 7.3 Spellcasting
 + Level 0.3 Invocations


You knew the following spells:

 Your Spells              Type           Power      Damage    Failure   Level
a - Blink                 Tloc           72%        N/A       1%          2
b - Lesser Beckoning      Tloc           72%        N/A       1%          2
c - Vhi's Electric Charg  Tloc/Air       72%        N/A       1%          3
d - Teleport Other        Tloc           36%        N/A       1%          3
e - Manifold Assault      Tloc           36%        N/A       5%          4
f - Sandblast             Erth           72%        2d16      1%          1
g - Momentum Strike       Conj/Tloc      72%        3d10      1%          2
h - Hailstorm             Conj/Ice       36%        3d9       1%          3
i - Summon Ice Beast      Ice/Summ       36%        N/A       5%          4
Your spell library was empty.

Dungeon Overview and Level Annotations

Branches:
Dungeon (9/15)             Temple (1/1) D:4           Sewer (visited)
   Lair: D:8-11         Orc: D:9-12

Altars:
Ashenzari
Cheibriados
Dithmenos
Elyvilon
Fedhas
Gozag
Hepliaklqana
Makhleb
Nemelex Xobeh
Okawaru
Qazlal
Ru
Trog
Uskayaw
Wu Jian
Xom
Yredelemnul
Zin
The Shining One

Shops:
D:1 :   D:3 *   D:4 (   D:6 ?[:


Innate Abilities, Weirdness & Mutations

You are immune to sickness and miasma.
You are immune to poison.
Your flesh is very heat resistant. (rF++)
You are vulnerable to cold. (rC-)
You float through the air rather than walking.
You learn spells naturally, not from books.
Your magical power is your life essence.
You have superior vitality. (+4 MHP)


Message History

The killer bee attacks as you move away!
The killer bee closely misses you.
A kobold comes into view. It is wielding a +0 short sword.
Found 3 boomerangs.
The kobold shouts!
The killer bee stings you but does no damage.
The killer bee closely misses you.
A kobold comes into view. It is wielding a +0 whip.
The kobold moves out of view.
A kobold brigand comes into view.
It is wielding a +0 dagger and quivering poisoned darts.
The kobold brigand shouts!
The killer bee closely misses you. The killer bee stings you.
The killer bee stings you but does no damage.
The killer bee closely misses you.
The killer bee attacks as you move away!
The killer bee barely misses you. x3
The killer bee attacks as you move away!
The killer bee stings you.
An electric eel comes into view.
The killer bee stings you but does no damage.
The killer bee barely misses you.
The electric eel shoots out a bolt of lightning at you!
The bolt of electricity hits you! x2
The bolt of electricity hits the killer bee!
The killer bee attacks as you move away!
The killer bee stings you. The killer bee barely misses you.
The killer bee stings you but does no damage.
The killer bee stings you.
The electric eel shoots out a bolt of lightning at you!
The bolt of electricity hits you!
* * * LOW HITPOINT WARNING * * *
The killer bee attacks as you move away!
The killer bee misses you.
The killer bee stings you but does no damage. x2
The electric eel shoots out a bolt of lightning at you!
The bolt of electricity hits you!
* * * LOW HITPOINT WARNING * * *
The bolt of electricity hits you!
You die...

#.............≈###≈
#...........#.≈≈≈≈
#....<........... .
#...........#.≈≈ ≈≈
#.........z.#.S# ≈#
#...........#.≈# .≈#
#...........#.≈###≈.≈##
#.............y≈≈≈≈.≈≈≈
####.....####.y@.......
#.....#.....##+##...
#.....#.......
...K...##+######
.(.K.K.. .......


You could see 2 killer bees and an electric eel.

Vanquished Creatures
  A two-headed ogre (D:7)
  Joseph (D:6)
  A sky beast (D:7)
  An ogre (D:6)
  A centaur (D:7)
  4 kobold brigands
  A bullfrog (D:7)
  A gnoll sergeant (D:6)
  8 killer bees
  An electric eel (D:6)
  3 howler monkeys
  2 jellies
  3 hounds
  6 orc priests
  5 sleepcaps
  3 iguanas
  5 orc wizards
  6 gnolls
  7 adders
  A river rat (D:3)
  An ufetubus (D:5)
  4 worms
  4 dart slugs
  19 orcs
  10 endoplasms
  3 giant cockroaches
  9 goblins
  8 hobgoblins
  7 jackals
  2 quokkas
  8 ball pythons
  5 bats
  5 frilled lizards
  11 kobolds
  12 rats
169 creatures vanquished.

Vanquished Creatures (others)
  12 fungi (D:5)
  A plant (Sewer)
13 creatures vanquished.

Grand Total: 182 creatures vanquished

Notes
Turn   | Place    | Note
-------+----------+-------------------------------------------
     0 | D:1      | jimonade the Djinni Warper began the quest for the Orb.
     0 | D:1      | jimonade set off with the following spells memorised:
                  | Blink, Lesser Beckoning, Vhi's Electric Charge, Teleport
                  | Other, Manifold Assault.
     0 | D:1      | Reached XP level 1. HP: 18/18 MP: 0/0
   298 | D:1      | Reached XP level 2. HP: 16/23 MP: 0/0
   631 | D:1      | Found Kapp's Book Shoppe.
   752 | D:1      | Reached XP level 3. HP: 26/29 MP: 0/0
   752 | D:1      | Learned a level 1 spell: Sandblast
  1181 | D:2      | Reached skill level 3 in Spellcasting
  1206 | D:2      | Found a faded altar of an unknown god.
  1287 | D:2      | Reached XP level 4. HP: 32/34 MP: 0/0
  1865 | D:3      | Found an iron altar of Okawaru.
  1868 | D:3      | Found an ornate altar of the Wu Jian Council.
  1888 | D:3      | Found a glowing silver altar of Zin.
  1891 | D:3      | Found Zin's Purification Station.
  2021 | D:2      | Reached XP level 5. HP: 35/39 MP: 0/0
  2021 | D:2      | Learned a level 2 spell: Momentum Strike
  2287 | D:3      | Found a snail-covered altar of Cheibriados.
  2289 | D:3      | Found an opulent altar of Gozag.
  2390 | D:3      | Reached XP level 6. HP: 27/45 MP: 0/0
  2422 | D:3      | Found a glowing drain.
  2429 | Sewer    | Entered a sewer
  2914 | D:3      | Reached XP level 7. HP: 17/50 MP: 0/0
  2914 | D:3      | Learned a level 3 spell: Hailstorm
  3181 | D:4      | Found a staircase to the Ecumenical Temple.
  3208 | Temple   | Entered the Ecumenical Temple
  3447 | D:4      | Reached skill level 4 in Spellcasting
  3622 | D:5      | Entered Level 5 of the Dungeon
  4042 | D:4      | Found Kinn's Weapon Shop.
  4680 | D:3      | Found a glowing golden altar of the Shining One.
  4693 | D:3      | Became a worshipper of Warmaster Okawaru
  5165 | D:5      | Reached XP level 8. HP: 54/56 MP: 0/0
  5835 | D:6      | Found the +2 ratskin cloak {*Rats rPois rN+ Str-1 Int-1
                  | Dex+1}
  6097 | D:6      | Reached * piety under Okawaru
  6297 | D:6      | Reached skill level 5 in Spellcasting
  6535 | D:6      | Found Woasesui's Magic Scroll Boutique.
  6535 | D:6      | Found Jiut's Armour Shop.
  6536 | D:6      | Found Elemu's Book Boutique.
  6809 | D:6      | Reached skill level 1 in Stealth
  7350 | D:7      | Reached XP level 9. HP: 47/62 MP: 0/0
  7350 | D:7      | Learned a level 4 spell: Summon Ice Beast
  7422 | D:7      | Noticed a two-headed ogre
  7438 | D:7      | Killed a two-headed ogre
  7439 | D:7      | Reached skill level 6 in Spellcasting
  7626 | D:7      | Noticed Joseph
  7948 | D:6      | Killed Joseph
  7949 | D:6      | Reached skill level 5 in Short Blades
  7949 | D:6      | Reached skill level 5 in Dodging
  8119 | D:7      | Reached skill level 5 in Armour
  8397 | D:7      | Reached ** piety under Okawaru
  8611 | D:7      | Reached skill level 7 in Spellcasting
  8611 | D:7      | Reached XP level 10. HP: 64/69 MP: 0/0
  8706 | D:7      | Noticed a cyclops
  8709 | D:7      | Noticed a two-headed ogre
  8748 | D:9      | HP: 1/69 [electric eel/bolt of electricity (13)]
  8748 | D:9      | Killed from afar by an electric eel

Illustrated notes

Levels and vault maps discovered:
D:1:      doesnt_arrival_eight_statues, layout_loops_corners, serial_shops,
          nicolae_shop_behind_doors, fountainhead
D:2:      layout_loops_cross, basic_ecumenical_altar
D:3:      layout_basic, zin_purify, nicolae_overflow_hidden_temple,
          lightli_sewer_entry_pipes, hangedman_feature_mirror
D:4:      layout_loops_ring, minmay_temple_entry_arrows, serial_shops,
          nicolae_shop_bloodbath_and_beyond
D:5:      layout_basic, serial_aquarium, aquarium_bridge_straight
          [aquarium_subvault_bridge, aquarium_subvault_wall,
          aquarium_subvault_bridge, aquarium_subvault_balcony],
          aquarium_bridge_square [aquarium_subvault_balcony,
          aquarium_subvault_bridge, aquarium_subvault_bridge,
          aquarium_subvault_bridge], aquarium_window_fake, aquarium_window_1,
          aquarium_window_3, aquarium_window_fake, aquarium_view_2c,
          aquarium_balcony_1b
D:6:      layout_gridville, nicolae_wooded_promenade
D:7:      minmay_chambers_of_sevens, layout_basic, uniq_joseph
D:8:      layout_rooms, hellmonk_lair_entry_icy, minmay_holes,
          hangedman_decor_opposing
D:9:      layout_irregular_city, kennysheep_boxes
Temple:   nicolae_temple_slightly_damp_pantheon

Skill      XL: |  1  2  3  4  5  6  7  8  9 |
---------------+----------------------------+-----
Short Blades   | 2 3 4 5 |  5.3
Spellcasting   | 3 4 5 7 |  7.3
Armour         | 3 4 5 |  5.1
Fighting       | 3 4 |  4.5
Dodging        | 3 4 5 |  5.0
Stealth        | 1 |  1.6
Throwing       | |  0.7
Invocations    | |  0.3

Action                     |  1- 3 |  4- 6 |  7- 9 | 10-12 || total
---------------------------+-------+-------+-------+-------++-------
  Melee: Short sword       |   113 |   106 |   352 |     8 ||   579
         Punch             |     1 |     3 |     8 |     1 ||    13
         Dagger            |       |   162 |       |       ||   162
   Cast: Sandblast         |    17 |       |    26 |     6 ||    49
         Blink             |       |     1 |     1 |       ||     2
         Momentum Strike   |       |       |    17 |       ||    17
         Hailstorm         |       |       |    19 |     4 ||    23
         Teleport Other    |       |       |     1 |       ||     1
         Manifold Assault  |       |       |     6 |       ||     6
 Invoke: Heroism           |       |       |     4 |     1 ||     5
    Use: Scroll            |       |     4 |     5 |       ||     9
         Potion            |       |       |     2 |       ||     2
 Armour: Leather armour    |     5 |       |   110 |    19 ||   134
         Ring mail         |    28 |   134 |    26 |       ||   188
  Dodge: Dodged            |    45 |   157 |   176 |    51 ||   429

Table legend: (Time is in decaauts)
 A = Elapsed time spent in this place.
 B = Non-inter-level travel time spent in this place.
 C = Inter-level travel time spent in this place.
 D = Time resting spent in this place.
 E = Time spent auto-exploring this place.
 F = Levels seen in this place.
 G = Mean time per level.
                   A        B        C        D        E       F      G
               +--------+--------+--------+--------+--------+-----+--------+
         Total |   8622 |   8292 |    330 |   1957 |   3975 |  11 |  783.8 |
       Dungeon |   7980 |   7668 |    312 |   1826 |   3694 |   9 |  886.7 |
        Temple |    204 |    186 |     18 |      0 |    169 |   1 |  204.0 |
         Sewer |    437 |    437 |      0 |    131 |    112 |   1 |  437.0 |
               +--------+--------+--------+--------+--------+-----+--------+

Top non-repeatable levels by time:
     D:6: 1907 daAuts
     D:5: 1448 daAuts
     D:4: 1126 daAuts
     D:1: 1038 daAuts
     D:2: 863 daAuts
     D:3: 841 daAuts
     D:7: 742 daAuts
   Sewer: 437 daAuts
  Temple: 204 daAuts
     D:9: 9 daAuts
     D:8: 3 daAuts
